 Dungeon Crawl Stone Soup version 0.26-a0-708-g17f3b190f9 (webtiles) character file.

Game seed: 13087550563859437611

16141 robertstho the Geomancer (level 12, -13/64 HPs)
             Began as a Gargoyle Earth Elementalist on Oct 28, 2020.
             Was a Priest of Sif Muna.
             Mangled by a white very ugly thing (16 damage)
             ... on level 11 of the Dungeon.
             The game lasted 00:34:17 (18072 turns).

robertstho the Geomancer (GrEE)                    Turns: 18072, Time: 00:34:17

Health: -13/64     AC: 16    Str: 11    XL:     12   Next: 34%
Magic:  7/36       EV: 13    Int: 22    God:    Sif Muna [***...]
Gold:   436        SH:  0    Dex: 10    Spells: 18/33 levels left

rFire    x . .     SeeInvis .   G - +7 mace of Variability {chain chaos}
rCold    + + .     Faith    .   (shield currently unavailable)
rNeg     + . .     Spirit   .   K - +0 robe {rC+}
rPois    ∞         Reflect  .   (no helmet)
rElec    +         Harm     .   v - +2 cloak
rCorr    .         Rampage  .   I - +0 pair of gloves
MR       .....                  j - +0 pair of boots
Stlth    ++........             D - amulet of the acrobat
HPRegen  0.20/turn              t - ring of ice
MPRegen  0.25/turn              f - ring of magical power

@: no status effects
A: negative energy resistance 1, electricity resistance, unbreathing,
petrification resistance, rot immunity, AC +8
a: Channel Magic, Forget Spell, Renounce Religion


You were on level 11 of the Dungeon.
You worshipped Sif Muna.
Sif Muna was most pleased with you.
You visited 2 branches of the dungeon, and saw 12 of its levels.

You collected 703 gold pieces.
You spent 267 gold pieces at shops.

Inventory:

Hand Weapons
 i - a +0 whip of flaming
 m - a +3 morningstar of protection
 u - a +0 flail
 F - a +2 hand axe of flaming
 G - the +7 mace of Variability (weapon) {chain chaos}
   (You found it on level 9 of the Dungeon)

   Each time it hits an enemy it has a different, random effect.
Missiles
 l - 226 stones (quivered)
 p - a throwing net
Armour
 b - the +2 leather armour of Fedhas's Approval {Stlth+}
   (You found it on level 4 of the Dungeon)

   It makes you more stealthy.
 j - a +0 pair of boots (worn)
 v - a +2 cloak (worn)
 I - a +0 pair of gloves (worn)
 K - a +0 robe of cold resistance (worn)
Jewellery
 e - an uncursed ring of positive energy
 f - a ring of magical power (right hand)
 t - a ring of ice (left hand)
 D - an amulet of the acrobat (around neck)
Wands
 w - a wand of acid (11)
 E - a wand of iceblast (3)
 L - a wand of polymorph (7)
Scrolls
 a - 3 scrolls of remove curse
 g - 2 scrolls of blinking
 h - 2 scrolls of acquirement {unknown}
 n - 5 scrolls of enchant weapon
 r - a scroll of fear {unknown}
 y - a scroll of fog {unknown}
 B - 2 scrolls of enchant armour
 H - 3 scrolls of amnesia {unknown}
 M - a scroll of magic mapping
 N - a scroll of brand weapon {unknown}
 O - a scroll of identify
Potions
 c - a potion of might
 d - a potion of cancellation
 k - 2 potions of stabbing
 o - a potion of mutation
 q - 3 potions of curing
 s - a potion of haste
 x - a potion of berserk rage
 z - 3 potions of brilliance
 A - 2 potions of resistance
 C - 2 potions of flight
 J - a potion of invisibility


   Skills:
 + Level 3.0 Fighting
 + Level 0.6(2.5) Axes
 + Level 4.3(4.4) Maces & Flails
 + Level 3.2 Armour
 + Level 3.9 Dodging
 + Level 3.9 Stealth
 * Level 11.3 Spellcasting
 + Level 3.6 Conjurations
 + Level 1.0 Transmutations
 * Level 13.8 Earth Magic
 * Level 5.7 Invocations


You had 18 spell levels left.
You knew the following spells:

 Your Spells              Type           Power        Failure   Level
a - Sandblast             Erth           ######       1%          1
b - Passwall              Tmut/Erth      #####...     1%          2
c - Stone Arrow           Conj/Erth      ######       1%          3
d - Lee's Rapid Deconstr  Erth           ######....   1%          5
e - Petrify               Tmut/Erth      #####...     2%          4

Your spell library contained the following spells:

 Spells                   Type           Power        Failure   Level
 Sting                    Tmut/Pois      ##..         4%          1
 Poisonous Vapours        Pois/Air       ##....       9%          2
 Mephitic Cloud           Conj/Pois/Air  ###.....     10%         3
 Ignite Poison            Fire/Tmut/Pois ##......     14%         3
 Olgreb's Toxic Radiance  Pois           ##......     47%         4


Dungeon Overview and Level Annotations

Branches:
Dungeon (11/15)            Temple (1/1) D:4            Lair (0/6) D:11
    Orc: D:9-12

Altars:
Ashenzari
Cheibriados
Dithmenos
Elyvilon
Fedhas
Gozag
Hepliaklqana
Kikubaaqudgha
Makhleb
Nemelex Xobeh
Okawaru
Qazlal
Ru
Sif Muna
Trog
Uskayaw
Vehumet
Wu Jian
Xom
Yredelemnul
Zin
The Shining One

Shops:
D:5 (   D:6 !

Annotations:
D:10 1 runed translucent door


Innate Abilities, Weirdness & Mutations

You are resistant to torment.
Your stone body is resilient. (AC +8)
You are immune to poison.
You resist negative energy. (rN+)
You are resistant to electric shocks. (rElec)
You can survive without breathing.
You are immune to petrification.
You are immune to rotting.


Message History

Unknown command.
Casting: Stone Arrow (safe; 1% risk of failure)
Confirm with . or Enter, or press ? or * to list all spells.
Press: ? - help, Shift-Dir - straight line, f - white very ugly thing
Aim: a white very ugly thing (heavily wounded)
The stone arrow hits the white very ugly thing!
The white very ugly thing is severely wounded.
The white very ugly thing headbutts you but does no damage.
Unknown command.
Casting: Stone Arrow (safe; 1% risk of failure)
Confirm with . or Enter, or press ? or * to list all spells.
Aiming: Stone Arrow (safe; 1% risk of failure)
Press: ? - help, Shift-Dir - straight line, f/p - white very ugly thing
Aim: a white very ugly thing (severely wounded)
The stone arrow hits the white very ugly thing!
The white very ugly thing is almost dead.
The white very ugly thing headbutts you!
* * * LOW HITPOINT WARNING * * *
The white very ugly thing freezes you! You resist.
You die...

.###..##....## #### #≈....≈≈#
###..####..#####$)[# #≈.....≈#
.#..## #.###≈≈... #≈.....≈# .).##
#####≈≈≈≈ ##......≈# #)##
#.###≈≈# ##≈......≈≈# #(#
##.##≈≈# ##≈≈..≈≈≈..≈≈# #)#
#..##≈≈#######....≈≈≈≈≈.... #.#
##.####)≈##8##≈...###⌠###.. ..#
#..# #≈..u@≈≈..≈## ## #≈ ..#
##.## ##.≈≈...≈≈##### ###
.(###..# ####8######..# #.#
.(.....## #### #### ####.# #.#
........###..# #..###.##.####.#
####.........###..##..##..#...##
####...........#..#...##.......##
.......##.####........##..###....
......###..# ####........## #....


You could see a white very ugly thing.

Vanquished Creatures
  Josephine (D:10)
  2 hydras (D:11)
  A two-headed ogre (D:9)
  A tengu warrior (D:10)
  An unseen horror (D:11)
  A wizard (D:11)
  6 ugly things (D:11)
  Maurice (D:11)
  A centaur skeleton (D:10)
  A tengu conjurer (D:10)
  A troll (D:11)
  4 wraiths
  3 yaks (D:9)
  A basilisk (D:10)
  2 chaos spawn (D:9)
  2 water moccasins
  An acid dragon (D:9)
  2 soldier ants (D:10)
  A sky beast (D:5)
  A swamp drake (D:10)
  A black bear (D:10)
  6 orc warriors
  4 ice beasts
  2 phantoms
  An eye of draining (D:10)
  9 ogres
  10 centaurs
  5 big kobolds
  4 bullfrogs
  A gnoll sergeant (D:11)
  A wyvern zombie (D:9)
  A wyvern skeleton (D:6)
  5 scorpions
  5 killer bees (D:11)
  11 wights
  A crimson imp (D:3)
  A bullfrog zombie (D:6)
  2 centaur zombies
  2 hounds
  9 orc priests
  6 jellies
  4 bullfrog skeletons
  4 iguanas
  7 orc wizards
  14 worker ants
  A worker ant zombie (D:6)
  A howler monkey zombie (D:6)
  10 gnolls
  17 adders
  3 shadow imps
  A white imp (D:9)
  3 ufetubi
  2 oozes
  An adder skeleton (D:7)
  An adder zombie (D:5)
  6 worms
  2 dart slugs
  7 leopard geckos
  42 orcs
  10 giant cockroaches
  9 goblins
  5 hobgoblins
  24 jackals
  24 kobolds
  3 quokkas
  A ball python (D:3)
  6 bats
  2 frilled lizards
  A leopard gecko skeleton (D:6)
  A leopard gecko zombie (D:6)
  A quokka skeleton (D:5)
  4 rats
  A spectral orc (D:4)
339 creatures vanquished.

Vanquished Creatures (others)
  A ghoul (D:1)
  An octopode (D:1)
  A gargoyle (D:1)
  An elf (D:1)
  4 spriggans (D:1)
  2 formicids (D:1)
  3 dwarves (D:1)
  2 centaurs (D:1)
  An orc (D:11)
  4 tentacles (D:1)
20 creatures vanquished.

Grand Total: 359 creatures vanquished

Notes
Turn   | Place    | Note
-------+----------+-------------------------------------------
     0 | D:1      | robertstho the Gargoyle Earth Elementalist began the quest
                  | for the Orb.
     0 | D:1      | Reached XP level 1. HP: 10/10 MP: 3/3
     2 | D:1      | Noticed a gargoyle
     2 | D:1      | Noticed a dwarf
     2 | D:1      | Noticed a spriggan
     2 | D:1      | Noticed a spriggan
     2 | D:1      | Noticed a spriggan
     2 | D:1      | Noticed a spriggan
     2 | D:1      | Noticed a kraken
     2 | D:1      | Noticed a ghoul
     2 | D:1      | Noticed a formicid
     2 | D:1      | Noticed a centaur
     2 | D:1      | Noticed a dwarf
     2 | D:1      | Noticed a centaur
     2 | D:1      | Noticed an elf
     2 | D:1      | Noticed a dwarf
     2 | D:1      | Noticed a formicid
     2 | D:1      | Noticed an octopode
     5 | D:1      | Killed a gargoyle
     7 | D:1      | Killed a spriggan
     8 | D:1      | Killed a spriggan
     8 | D:1      | Killed a centaur
    10 | D:1      | Killed a dwarf
    10 | D:1      | Killed a formicid
    13 | D:1      | Killed an octopode
    13 | D:1      | Killed a dwarf
    13 | D:1      | Killed a spriggan
    15 | D:1      | Killed an elf
    16 | D:1      | Killed a spriggan
    17 | D:1      | Killed a centaur
    18 | D:1      | Killed a formicid
    18 | D:1      | Killed a ghoul
    18 | D:1      | Killed a dwarf
   172 | D:1      | Reached skill level 4 in Earth Magic
   282 | D:1      | Reached XP level 2. HP: 11/15 MP: 5/5
  1533 | D:1      | Reached XP level 3. HP: 19/19 MP: 3/6
  1676 | D:1      | Learned a level 2 spell: Passwall
  1680 | D:1      | Learned a level 3 spell: Stone Arrow
  2121 | D:2      | Reached XP level 4. HP: 9/24 MP: 0/7
  2466 | D:2      | Reached skill level 5 in Earth Magic
  3033 | D:3      | Noticed a +0 dagger
  3034 | D:3      | Noticed a +3 dagger
  3036 | D:3      | Found a hide-covered altar of Uskayaw.
  3211 | D:3      | Found a sparkling altar of Nemelex Xobeh.
  3217 | D:3      | Reached XP level 5. HP: 28/28 MP: 2/9
  3227 | D:3      | Found a shimmering altar of Xom.
  3419 | D:3      | Found a burning altar of Makhleb.
  4038 | D:4      | Found an ancient bone altar of Kikubaaqudgha.
  4041 | D:4      | Found a glowing golden altar of the Shining One.
  4079 | D:4      | Reached XP level 6. HP: 32/32 MP: 9/11
  4350 | D:4      | Reached skill level 6 in Earth Magic
  4597 | D:4      | Reached XP level 7. HP: 36/36 MP: 4/14
  4599 | D:4      | Reached skill level 5 in Spellcasting
  4860 | D:4      | Reached skill level 1 in Maces & Flails
  4935 | D:4      | Found a staircase to the Ecumenical Temple.
  4951 | Temple   | Entered the Ecumenical Temple
  5289 | D:4      | Found a snail-covered altar of Cheibriados.
  5296 | D:4      | Found a bloodstained altar of Trog.
  5369 | D:4      | Found a basalt altar of Yredelemnul.
  5420 | D:4      | Got a fading leather armour
  5430 | D:4      | Identified the +2 leather armour of Fedhas's Approval
                  | {Stlth+} (You found it on level 4 of the Dungeon)
  5452 | D:5      | Entered Level 5 of the Dungeon
  6147 | D:5      | Found Pioshuma's Antique Weapon Emporium.
  6185 | D:5      | Bought a runed morningstar for 168 gold pieces
  6199 | D:5      | Reached skill level 1 in Conjurations
  6219 | D:5      | Reached skill level 1 in Armour
  6219 | D:5      | Reached XP level 8. HP: 17/42 MP: 2/16
  6490 | D:5      | Reached skill level 7 in Earth Magic
  6601 | D:5      | Learned a level 5 spell: Lee's Rapid Deconstruction
  6606 | D:5      | Learned a level 4 spell: Petrify
  7514 | D:6      | Reached skill level 1 in Fighting
  7766 | D:6      | Found a sparkling altar of Nemelex Xobeh.
  8016 | D:6      | Reached skill level 8 in Earth Magic
  8131 | D:6      | Found a stormy altar of Qazlal.
  8152 | D:6      | Reached XP level 9. HP: 35/47 MP: 14/18
  8394 | D:6      | Found Hixub's Distillery.
  8402 | D:6      | Bought a potion of heal wounds for 55 gold pieces
  8402 | D:6      | Bought a potion of brilliance for 44 gold pieces
  9815 | D:7      | Reached skill level 9 in Earth Magic
 11884 | D:8      | Found a shimmering blue altar of Sif Muna.
 11909 | D:8      | Became a worshipper of Sif Muna the Loreminder
 12018 | D:8      | Reached skill level 1 in Invocations
 12577 | D:9      | Reached XP level 10. HP: 53/53 MP: 21/21
 12998 | D:9      | Found a shimmering altar of Xom.
 12999 | D:9      | Found the +7 mace of Variability {chain chaos}
 13074 | D:9      | Reached skill level 10 in Earth Magic
 13575 | D:9      | Reached * piety under Sif Muna
 13603 | D:9      | Noticed a two-headed ogre
 13764 | D:9      | Killed a two-headed ogre
 13983 | D:9      | Found an opulent altar of Gozag.
 13984 | D:9      | Found a glowing silver altar of Zin.
 14253 | D:10     | Entered Level 10 of the Dungeon
 14257 | D:10     | Noticed Josephine
 14266 | D:9      | Reached skill level 11 in Earth Magic
 14398 | D:10     | Killed Josephine
 14398 | D:10     | Reached XP level 11. HP: 58/58 MP: 2/24
 14684 | D:10     | Noticed a tengu warrior
 14691 | D:10     | Killed a tengu warrior
 14697 | D:10     | Reached skill level 12 in Earth Magic
 14920 | D:10     | Reached ** piety under Sif Muna
 15440 | D:10     | Reached skill level 10 in Spellcasting
 15472 | D:10     | Found a runed translucent door.
 15478 | D:10     | Found a runed translucent door.
 16556 | D:11     | Noticed a six-headed hydra
 16583 | D:11     | Reached *** piety under Sif Muna
 16584 | D:11     | Killed a six-headed hydra
 16584 | D:11     | Reached skill level 5 in Invocations
 16763 | D:11     | Noticed a five-headed hydra
 16768 | D:11     | Killed a five-headed hydra
 16798 | D:11     | Killed an unseen horror
 16798 | D:11     | Reached skill level 13 in Earth Magic
 17125 | D:11     | Found a staircase to the Lair.
 17140 | D:11     | Noticed a purple ugly thing
 17151 | D:11     | Reached XP level 12. HP: 39/64 MP: 0/26
 17156 | D:11     | Reached skill level 1 in Transmutations
 17156 | D:11     | Noticed Maurice
 17164 | D:11     | Killed Maurice
 18052 | D:11     | Noticed a white very ugly thing
 18072 | D:11     | HP: 3/64 [white very ugly thing (17)]
 18072 | D:11     | Mangled by a white very ugly thing

Illustrated notes

Levels and vault maps discovered:
D:1:      nicolae_arrival_kraken_aquarium_b, layout_loops_corners, st_stairs_2
D:2:      layout_loops_ring
D:3:      layout_basic, makhleb_grotto_becter,
          chequers_temple_overflow_statue_of_worship, dancing_weapons_uskayaw
D:4:      layout_rooms, yredelemnul_forgotten_temple_becter,
          amethyst_overflow_temple_binary, minitemple,
          minmay_temple_entry_nine_rooms, st_stairs_12
D:5:      layout_basic, serial_shops, shop, serial_bayou_crossing
D:6:      layout_basic, grunt_qazlal_clouds, serial_glass, glass_columns_a,
          glass_columns_c, serial_shops, shop, nemelex_xobeh_ov_fountains_minmay
D:7:      layout_layer_cave
D:8:      layout_basic, kennysheep_mini
D:9:      layout_basic, grunt_temple_overflow_gold_and_silver,
          minmay_guarded_unrand_variability
D:10:     lemuel_insect_pit, layout_rooms, uniq_josephine
D:11:     cheibrodos_breeding_chamber, layout_layer_cave, uniq_maurice
Temple:   jpeg_temple_island

Skill      XL: |  1  2  3  4  5  6  7  8  9 10 11 12 |
---------------+-------------------------------------+-----
Earth Magic    | 4 5 6 8 9 11 13 | 13.8
Spellcasting   | 3 4 5 6 7 9 10 11 | 11.3
Stealth        | 3 |  3.9
Maces & Flails | 1 2 3 4 |  4.3
Conjurations   | 1 2 3 |  3.6
Armour         | 1 2 3 |  3.2
Dodging        | 2 3 |  3.9
Fighting       | 1 2 3 |  3.0
Invocations    | 2 4 5 |  5.7
Transmutations | 1 |  1.0
Axes           | |  0.6

Action                   |  1- 3 |  4- 6 |  7- 9 | 10-12 || total
-------------------------+-------+-------+-------+-------++-------
Melee: Hand axe          |    59 |    11 |       |       ||    70
       Mace              |    10 |       |       |       ||    10
       Flail             |       |     4 |    66 |       ||    70
       Morningstar       |       |       |   141 |       ||   141
       Great mace        |       |       |       |   104 ||   104
Throw: Stone             |     1 |       |       |       ||     1
 Cast: Sandblast         |    28 |    88 |    21 |     6 ||   143
       Stone Arrow       |     1 |     8 |   130 |    13 ||   152
       Lee's Rapid Decon |       |       |    21 |   134 ||   155
       Petrify           |       |       |     1 |     5 ||     6
Invok: Channel Magic     |       |       |       |     5 ||     5
  Use: Scroll            |     4 |     5 |     3 |     5 ||    17
       Potion            |     1 |       |       |     3 ||     4
 Stab: Sleeping          |     3 |     1 |     3 |     1 ||     8
       Distracted        |       |       |     1 |       ||     1
       Confused          |       |       |       |     1 ||     1
       Paralysed         |       |       |       |     1 ||     1
Armor: Robe              |    34 |    25 |    11 |    74 ||   144
       Skin              |     2 |       |       |       ||     2
       Leather armour    |       |       |   191 |    10 ||   201
Dodge: Dodged            |    59 |    35 |   241 |   199 ||   534

Table legend: (Time is in decaauts)
 A = Elapsed time spent in this place.
 B = Non-inter-level travel time spent in this place.
 C = Inter-level travel time spent in this place.
 D = Time resting spent in this place.
 E = Time spent auto-exploring this place.
 F = Levels seen in this place.
 G = Mean time per level.
                   A        B        C        D        E       F      G
               +--------+--------+--------+--------+--------+-----+--------+
         Total |  18291 |  17579 |    712 |   3888 |  11448 |  12 | 1524.2 |
       Dungeon |  17967 |  17266 |    701 |   3888 |  11137 |  11 | 1633.4 |
        Temple |    323 |    312 |     11 |      0 |    311 |   1 |  323.0 |
               +--------+--------+--------+--------+--------+-----+--------+

Top non-repeatable levels by time:
     D:5: 2246 daAuts
    D:11: 2015 daAuts
     D:7: 1955 daAuts
     D:8: 1891 daAuts
     D:9: 1861 daAuts
     D:1: 1713 daAuts
    D:10: 1487 daAuts
     D:2: 1351 daAuts
     D:4: 1224 daAuts
     D:6: 1199 daAuts
     D:3: 1020 daAuts
  Temple: 323 daAuts
